 Dungeon Crawl Stone Soup version 0.26.1-10-gdfb7c7de75 (webtiles) character file.

Game seed: 1557948261972420667

325 GenialerGandalf the Shield-Bearer (level 6, -1/53 HPs)
             Began as a Hill Orc Fighter on Apr 5, 2021.
             Slain by an ogre
             ... wielding a +0 giant club
              (14 damage)
             ... on level 4 of the Dungeon.
             The game lasted 00:19:00 (4139 turns).

GenialerGandalf the Shield-Bearer (HOFi)            Turns: 4139, Time: 00:19:01

Health: -1/53      AC: 11    Str: 21    XL:     6   Next: 48%
Magic:  6/6        EV:  2    Int:  8    God:
Gold:   78         SH:  0    Dex: 10    Spells: 5/5 levels left

rFire    . . .     SeeInvis .   a - +0 war axe
rCold    . . .     Faith    .   k - +0 tower shield
rNeg     . . .     Spirit   .   w - +0 plate armour
rPois    .         Reflect  .   (no helmet)
rElec    .         Harm     .   (no cloak)
rCorr    .         Rampage  .   (no gloves)
Will     .....                  (no boots)
Stlth    ..........             (no amulet)
HPRegen  0.17/turn              (no ring)
MPRegen  0.10/turn              (no ring)

@: confused, slowed, very slow
A: no striking features
a: no special abilities


You were on level 4 of the Dungeon.
You visited 1 branch of the dungeon, and saw 4 of its levels.

You collected 78 gold pieces.

Inventory:

Hand Weapons
 a - a +0 war axe (weapon)
Missiles
 f - 220 stones (quivered)
 h - 20 bolts
 t - 43 arrows
 x - 13 sling bullets
Armour
 b - a +0 scale mail
 c - a +0 kite shield
 k - a +0 tower shield (worn)
 w - a +0 plate armour (worn)
Jewellery
 y - a +6 ring of dexterity {unknown}
Scrolls
 e - 4 scrolls of magic mapping
 i - 5 scrolls of remove curse
 m - 5 scrolls of identify
 n - a scroll of fog
 p - a scroll of amnesia {unknown}
 u - 2 scrolls of teleportation {unknown}
 v - a scroll of enchant weapon {unknown}
Potions
 d - 2 potions of might
 j - 3 potions of brilliance {unknown}
 o - 3 potions of haste {unknown}
 q - 3 potions of flight {unknown}
 s - 2 potions of degeneration {unknown}
 z - a potion of mutation {unknown}
 A - 2 potions of heal wounds {unknown}
 B - a potion of invisibility {unknown}
 C - a potion of magic {unknown}


   Skills:
 + Level 4.6 Fighting
 + Level 5.0 Axes
 + Level 4.0 Armour
 + Level 1.0 Dodging
 + Level 0.3 Stealth
 + Level 5.4 Shields


You had 5 spell levels left.
You didn't know any spells.
Your spell library was empty.

Dungeon Overview and Level Annotations

Branches:
Dungeon (4/15)
 Temple: D:4-7

Altars:
Cheibriados
Elyvilon
Nemelex Xobeh
Ru
Xom
Zin
The Shining One


Message History

As you read the scroll labelled DAYDEU IXYWN, it crumbles to dust.
The scroll dissolves into smoke.
It was a scroll of fog.
You block the ogre's attack. You block the orc wizard's attack.
You miss the orc wizard.
The orc wizard is almost dead.
You slash the ogre! You block the ogre's attack.
The orc wizard mumbles some strange words.
The orc wizard blinks!
The orc wizard hits you but does no damage.
The ogre hits you with a +0 giant club!
* * * LOW HITPOINT WARNING * * *
You feel better.
The orc wizard points at you and mumbles some strange words.
You resist with some effort. The ogre hits you with a +0 giant club!
* * * LOW HITPOINT WARNING * * *
The orc wizard hits you but does no damage.
It was a potion of ambrosia.
You are confused.
You feel invigorated. The ogre hits you with a +0 giant club!
You die...

*,,,,***_,,+.Oo......,,,
***#.***,**#.o##########
#.* *,* #..##.......#
*.##*+**#............
*..........##........
*#.#..##.#.##........
#.#,,...#.##........
#§#######.#######.#.
#§o@Oo....# ###.#.
########### #...##
#...#. #...#. ###...
###. ###############.
#...............
#.#############.


You could see an ogre, an orc wizard and an orc.

Vanquished Creatures
  An orc priest (D:4)
  2 orc wizards (D:4)
  A worker ant (D:4)
  Terence (D:2)
  8 adders
  An ooze (D:2)
  3 worms (D:2)
  A leopard gecko (D:2)
  11 orcs
  2 ball pythons
  3 giant cockroaches
  7 goblins
  11 hobgoblins
  4 jackals (D:3)
  A quokka (D:3)
  15 bats
  7 frilled lizards
  10 kobolds
  9 rats
98 creatures vanquished.

Notes
Turn   | Place    | Note
-------+----------+-------------------------------------------
     0 | D:1      | GenialerGandalf the Hill Orc Fighter began the quest for
                  | the Orb.
     0 | D:1      | Reached XP level 1. HP: 19/19 MP: 1/1
   471 | D:1      | Reached XP level 2. HP: 27/27 MP: 2/2
   946 | D:2      | Reached XP level 3. HP: 32/33 MP: 3/3
  1584 | D:2      | Reached XP level 4. HP: 17/41 MP: 4/4
  1963 | D:2      | Noticed Terence
  1980 | D:2      | Killed Terence
  2444 | D:3      | Reached XP level 5. HP: 46/47 MP: 5/5
  3036 | D:3      | Found a shimmering altar of Xom.
  3215 | D:3      | Found a white marble altar of Elyvilon.
  3215 | D:3      | Found a glowing golden altar of the Shining One.
  3216 | D:3      | Found a glowing silver altar of Zin.
  3444 | D:3      | Found a sparkling altar of Nemelex Xobeh.
  3444 | D:3      | Found a snail-covered altar of Cheibriados.
  3901 | D:4      | Found a sacrificial altar of Ru.
  3918 | D:4      | Reached XP level 6. HP: 43/53 MP: 6/6
  3920 | D:4      | Reached skill level 5 in Shields
  3923 | D:4      | Reached skill level 1 in Dodging
  4113 | D:4      | Reached skill level 5 in Axes
  4132 | D:4      | HP: 2/53 [ogre/+0 giant club (10)]
  4139 | D:4      | Slain by an ogre

Illustrated notes

Levels and vault maps discovered:
D:1:      scummos_arrival_simple_crosswalls, layout_rooms, chequers_avenue,
          minmay_misc_feat_hallway, minmay_misc_feat_chi
D:2:      layout_loops_corners, uniq_terence
D:3:      minmay_thinvault, layout_loops_ring, good_gods_temple_1,
          marbit_many_paths, gammafunk_temple_overflow_elements,
          guppyfry_early_lair_pool
D:4:      layout_basic, lemuel_doored_altar, nicolae_ru_sacrificial_ziggurat,
          uniq_natasha

Skill      XL: |  1  2  3  4  5  6 |
---------------+-------------------+-----
Axes           | 3 4 5 |  5.0
Fighting       | 4 |  4.6
Shields        | 4 5 |  5.4
Dodging        | 1 |  1.0
Armour         | 4 |  4.0
Stealth        | |  0.3

Action                   |  1- 3 |  4- 6 || total
-------------------------+-------+-------++-------
Melee: War axe           |   117 |   221 ||   338
  Use: Scroll            |     3 |     3 ||     6
       Potion            |       |     5 ||     5
Armor: Scale mail        |    76 |   101 ||   177
       Plate armour      |       |    33 ||    33
Dodge: Dodged            |    35 |    52 ||    87
Block: Kite shield       |    40 |       ||    40
       Tower shield      |    98 |   275 ||   373
